 Dungeon Crawl Stone Soup version 0.29-a0-451-gfbfa42419e (console) character file.

Game seed: 2220249873163744257

43 Faeu the Chopper (level 3, -1/49 HPs)
             Began as a Minotaur Berserker on May 19, 2022.
             Was a Follower of Trog.
             Slain by a gnoll
             ... wielding a +0 flail
              (5 damage)
             ... on level 2 of the Dungeon.
             The game lasted 00:01:15 (1467 turns).

Faeu the Chopper (Minotaur Berserker)               Turns: 1467, Time: 00:01:16

Health: -1/49      AC:  2    Str: 23    XL:     3   Next: 37%
Magic:  2/2        EV: 12    Int:  4    God:    Trog [*.....]
Gold:   53         SH:  0    Dex:  9    Spells: 2/2 levels left

rFire   . . .      SeeInvis .   a - +0 hand axe
rCold   . . .      Faith    .   (no shield)
rNeg    . . .      Spirit   .   b - +0 animal skin
rPois   .          Reflect  .   (helmet restricted)
rElec   .          Harm     .   (no cloak)
rCorr   .          Rampage  .   (no gloves)
Will    .....                   (no boots)
Stlth   ..........              (no amulet)
HPRegen 0.16/turn               (no ring)
MPRegen 0.08/turn               (no ring)

@: berserking, very quick
A: horns 2, retaliatory headbutt
a: Renounce Religion, Berserk


You were on level 2 of the Dungeon.
You worshipped Trog.
Trog was aware of your devotion.
You visited 1 branch of the dungeon, and saw 2 of its levels.

You collected 53 gold pieces.

Inventory:

Hand Weapons
 a - a +0 hand axe (weapon)
Armour
 b - a +0 animal skin (worn)
Scrolls
 c - 3 scrolls of teleportation {unknown}
 f - a scroll of noise {unknown}
Potions
 d - a potion of degeneration {unknown}
 e - a potion of cancellation {unknown}
 g - a potion of brilliance {unknown}


   Skills:
 + Level 4.1 Fighting
 + Level 4.2 Axes
 + Level 3.1 Armour
 + Level 2.8 Dodging


You had 2 spell levels left.
You didn't know any spells.
Your spell library was empty.

Dungeon Overview and Level Annotations

Branches:
Dungeon (2/15)

Altars:

Shops:
D:1 *


Innate Abilities, Weirdness & Mutations

You have a pair of horns on your head.
You reflexively headbutt those who attack you in melee.


Message History

Trog accepts your kill.
Found 15 stones.
No target in view!
You now have 53 gold pieces (gained 13).
You open the door.
There is an open door here.
A gnoll comes into view. It is wielding a +0 whip.
A gnoll is nearby!
A gnoll comes into view. It is wielding a +0 flail. x2
The gnoll misses you. You furiously retaliate!
You headbutt the gnoll!
There are monsters nearby!
You barely miss the gnoll.
The gnoll shouts!
Your headbutt misses the gnoll.
The gnoll is almost dead.
You hear a shout!
The gnoll hits you with a +0 whip!
There are monsters nearby!
You barely miss the gnoll.
The gnoll is almost dead.
The gnoll barely misses you.
There are monsters nearby!
You closely miss the gnoll. You headbutt the gnoll.
You kill the gnoll!
Trog accepts your kill.
A gnoll comes into view. It is wielding a +0 flail.
The gnoll attacks as you move away! The gnoll barely misses you.
The gnoll attacks as you move away! The gnoll hits you with a +0 flail!
The gnoll attacks as you move away! The gnoll barely misses you.
The gnoll attacks as you move away! The gnoll hits you with a +0 flail.
* * * LOW HITPOINT WARNING * * *
The gnoll attacks as you move away! The gnoll barely misses you.
You furiously retaliate!
You headbutt the gnoll. The gnoll attacks as you move away!
The gnoll hits you with a +0 flail!
* * * LOW HITPOINT WARNING * * *
The gnoll attacks as you move away! The gnoll closely misses you.
A red film seems to cover your vision as you go berserk!
You feel yourself moving faster!
You feel mighty! The gnoll hits you with a +0 flail.
You die...

#...# #......##.#
##...###......##.#
#......'......+#.#
#.....##.<....##.#
#.#...##......##.###.
#.#...##..........(..
#.############.#%###.
#.# #....... #.#
#.......
#.############..#####
#...@gg......#.......
############.#.######
#.#.# #.#.# #.#.#
#.#.# #.#.# #.#.# .
#.#.# .g #.#.# ..
###.#.#


You could see 2 gnolls.

Vanquished Creatures
  A gnoll (D:2)
  A dart slug (D:2)
  4 endoplasms (D:1)
  2 giant cockroaches (D:1)
  A goblin (D:1)
  7 hobgoblins (D:1)
  A quokka (D:1)
  3 ball pythons (D:1)
  2 bats
  2 frilled lizards (D:1)
  2 kobolds
  2 rats (D:1)
28 creatures vanquished.

Notes
Turn   | Place    | Note
-------+----------+-------------------------------------------
     0 | D:1      | Faeu the Minotaur Berserker began the quest for the Orb.
     0 | D:1      | Reached XP level 1. HP: 19/19 MP: 0/0
    53 | D:1      | Found Wac Gow's Assorted Antiques.
   319 | D:1      | Reached XP level 2. HP: 13/27 MP: 1/1
  1201 | D:2      | Reached XP level 3. HP: 31/33 MP: 2/2
  1467 | D:2      | Slain by a gnoll

Illustrated notes

Levels and vault maps discovered:
D:1:      minmay_arrival_hallway, layout_basic, serial_shops,
          nicolae_shop_window_shopping, minmay_distorted
D:2:      layout_basic, shapermc_ecumenical_altar_notcrosses,
          minmay_misc_feat_doors, uniq_robin

Skill      XL: |  1  2 |
---------------+-------+-----
Axes           | 4 |  4.2
Fighting       | 4 |  4.1
Armour         | 3 |  3.1
Dodging        | |  2.8

Action                   || total
-------------------------++-------
Melee: Hand axe          ||    66
       Headbutt          ||     4
Invok: Berserk           ||     1
 Stab: Sleeping          ||     2
Armor: Animal skin       ||    10
Dodge: Dodged            ||    43

Table legend: (Time is in decaauts)
 A = Elapsed time spent in this place.
 B = Non-inter-level travel time spent in this place.
 C = Inter-level travel time spent in this place.
 D = Time resting spent in this place.
 E = Time spent auto-exploring this place.
 F = Levels seen in this place.
 G = Mean time per level.
                   A        B        C        D        E       F      G
               +--------+--------+--------+--------+--------+-----+--------+
         Total |   1473 |   1461 |     12 |      0 |   1273 |   2 |  736.5 |
       Dungeon |   1473 |   1461 |     12 |      0 |   1273 |   2 |  736.5 |
               +--------+--------+--------+--------+--------+-----+--------+

Top non-repeatable levels by time:
     D:1: 1191 daAuts
     D:2: 282 daAuts
